 Dungeon Sprint DCSS version 0.22-a0-736-gc0cf510 (webtiles) character file.

119 TheOrbIsALie the Destroyer (level 4, -11/24 HPs)
             Began as a Deep Elf Wizard on July 14, 2018.
             Mangled by a hellwing (16 damage)
             ... summoned by a kobold demonologist
             ... in the Dungeon (Sprint III: "The Ten Rune Challenge").
             The game lasted 00:01:44 (342 turns).

TheOrbIsALie the Destroyer (Deep Elf Wizard)         Turns: 342, Time: 00:01:45

Health: -11/24     AC:  1    Str:  4    XL:     4   Next: 74%
Magic:  6/13       EV: 13    Int: 24    God:
Gold:   29         SH:  0    Dex: 15    Spells: 6/13 levels left

rFire    . . .     SeeInvis .   (no weapon)
rCold    + . .     Gourm    .   (no shield)
rNeg     . . .     Faith    .   a - +0 robe
rPois    .         Spirit   .   b - +0 hat
rElec    .         Reflect  .   (no cloak)
rCorr    .         Harm     .   (no gloves)
MR       .....     NoTele   +   (no boots)
Stlth    ++........             (no amulet)
HPRegen  0.08/turn              (no ring)
MPRegen  0.13/turn              (no ring)

@: no status effects
A: antennae 1, agile 1, cold resistance 1, deformed body
a: no special abilities


You were in the Dungeon.
You were not hungry.

You visited 1 branch You collected 29 gold pieces.

Inventory:

Armour
 a - a +0 robe (worn)
 b - a +0 hat (worn)
Scrolls
 j - a scroll of blinking
 k - a scroll of immolation {unknown}
 l - a scroll of fog {unknown}
 m - 2 scrolls of remove curse {unknown}
 o - a scroll of holy word {unknown}
 p - a scroll of random uselessness {unknown}
Potions
 c - 3 potions of mutation
 e - 2 potions of curing
 f - a potion of heal wounds
 g - a potion of haste
 h - 2 potions of magic
 i - a potion of berserk rage
 n - 4 potions of flight
Comestibles
 d - 3 rations


   Skills:
 - Level 2.4 Dodging
 - Level 2.4 Stealth
 - Level 5.0 Spellcasting
 + Level 10.1 Conjurations
   Level 1.1 Summonings
   Level 1.1 Translocations


You had 6 spell levels left.
You knew the following spells:

 Your Spells              Type           Power        Failure   Level  Hunger
a - Magic Dart            Conj           ####         1%          1    None
b - Conjure Flame         Conj/Fire      ####....     3%          3    ##.....
c - Mephitic Cloud        Conj/Pois/Air  ###.....     7%          3    ##.....

Your spell library contained the following spells:

 Spells                   Type           Power        Failure   Level  Hunger
 Slow                     Hex            #.......     13%         2    None
 Blink                    Tloc           N/A          9%          2    None
 Call Imp                 Summ           ##......     9%          2    None


Dungeon Overview and Level Annotations

Branches:
Dungeon (1/1)

Altars:
Kikubaaqudgha
Sif Muna
Vehumet


Innate Abilities, Weirdness & Mutations

You have a pair of small antennae on your head.
You are agile. (Dex +2)
Your flesh is cold resistant. (rC+)
Armour fits poorly on your strangely shaped body.


Message History

You kill the wizard!
Your Conjurations skill increases to level 10!
The hellwing completely misses you. The hellwing closely misses you.
The shadow imp closely misses you.
The kobold demonologist looks satisfied for a moment.
The hellwing swoops through the air toward you!
The hellwing barely misses you. The hellwing hits you.
There is a fountain of clear blue water here.
Casting: Magic Dart (safe; 1% risk of failure)
Confirm with . or Enter, or press ? or * to list all spells.
Aiming: Magic Dart (safe; 1% risk of failure)
Press: ? - help, Shift-Dir - straight line, f - kobold demonologist
Aim: a kobold demonologist, wielding a dagger of venom and wearing a robe The magic dart hits the kobold demonologist.
The shadow imp closely misses you.
The kobold demonologist hits you with a dagger of venom.
* * * LOW HITPOINT WARNING * * *
The hellwing hits you!
Ouch! That really hurt!
You die...

▓▓▓▓▓▓▓ ▓▓▓ ..'...♣♣♣
♣.# ..#.....♣ ♣♣.#
###....♣♣♣ ♣..#
..#....≈.♣♣♣..###+#+###
..#...≈≈.♣....#........
..#..≈≈≈≈..♣..'.⌠).....
#'#..≈≈≈≈≈≈...#.4.####
..#.≈≈≈≈≈≈....#5@.#
..#.≈≈≈≈≈.....#.K.#
..#.≈≈≈.......#5###
###...........#.:
..............#___
▓▓▓▓▓▓▓▓▓▓▓▓▓▓▓▓▓▓▓ ≈
,,, ≈ *


You could see a hellwing, a kobold demonologist, a crimson imp and a shadow imp.

Vanquished Creatures
  A water elemental (D)
  A wizard (D)
  A human (D)
  A wolf (D)
  An ooze (D)
  3 rats (D)
8 creatures vanquished.

Vanquished Creatures (others)
  2 draconian scorchers (D)
  6 hellions (D)
  A yaktaur (D)
  3 plants (D)
12 creatures vanquished.

Grand Total: 20 creatures vanquished

Notes
Turn   | Place    | Note
-------+----------+-------------------------------------------
     0 | D        | TheOrbIsALie the Deep Elf Wizard began the quest for the Orb.
     0 | D        | Reached XP level 1. HP: 10/10 MP: 7/7
     4 | D        | Reached skill level 5 in Spellcasting
    28 | D        | Reached skill level 3 in Conjurations
    48 | D        | Killed a yaktaur
   114 | D        | Noticed a wolf
   122 | D        | Killed a wolf
   122 | D        | Reached skill level 5 in Conjurations
   122 | D        | Reached XP level 2. HP: 15/15 MP: 6/10
   128 | D        | Killed a hellion
   151 | D        | Killed a hellion
   152 | D        | Killed a hellion
   153 | D        | Killed a hellion
   153 | D        | Killed a hellion
   154 | D        | Killed a hellion
   176 | D        | Gained mutation: Your flesh is cold resistant. (rC+) [potion of mutation]
   176 | D        | Gained mutation: You are frail. (-10% HP) [potion of mutation]
   176 | D        | Gained mutation: You passively map a small area around you. [potion of mutation]
   177 | D        | Lost mutation: You passively map a small area around you. [potion of mutation]
   177 | D        | Lost mutation: You are frail. (-10% HP) [potion of mutation]
   177 | D        | Gained mutation: You have a pair of small antennae on your head. [potion of mutation]
   177 | D        | Gained mutation: Armour fits poorly on your strangely shaped body. [potion of mutation]
   177 | D        | Gained mutation: You are agile. (Dex +2) [potion of mutation]
   218 | D        | Reached skill level 6 in Conjurations
   218 | D        | Reached XP level 3. HP: 19/19 MP: 3/11
   227 | D        | Killed a white draconian scorcher
   261 | D        | Killed a white draconian scorcher
   282 | D        | Learned a level 3 spell: Conjure Flame
   283 | D        | Noticed a water elemental
   286 | D        | Killed a water elemental
   286 | D        | Reached skill level 9 in Conjurations
   286 | D        | Reached XP level 4. HP: 24/24 MP: 8/13
   331 | D        | Learned a level 3 spell: Mephitic Cloud
   331 | D        | Found a radiant altar of Vehumet.
   331 | D        | Found a deep blue altar of Sif Muna.
   331 | D        | Found an ancient bone altar of Kikubaaqudgha.
   331 | D        | Noticed a wizard
   334 | D        | Noticed a hellwing
   339 | D        | Killed a wizard
   339 | D        | Reached skill level 10 in Conjurations
   342 | D        | Mangled by a hellwing

Vault maps used:
D:        dungeon_sprint_mu

Skill      XL: |  1  2  3  4 |
---------------+-------------+-----
Spellcasting   | 5 |  5.0
Conjurations   | 5 6 9 10 | 10.1
Dodging        | |  2.4
Stealth        | |  2.4
Summonings     | |  1.1
Translocations | |  1.1

Action                   |  1- 3 |  4- 6 || total
-------------------------+-------+-------++-------
Melee: Unarmed           |       |     2 ||     2
 Cast: Magic Dart        |    20 |     5 ||    25
       Conjure Flame     |     1 |       ||     1
       Mephitic Cloud    |       |     1 ||     1
  Use: Potion            |     2 |       ||     2
Dodge: Dodged            |     3 |     9 ||    12

Table legend:
 A = Spawn XP
 B = Non-spawn XP
 C = Spawn XP percentage of total XP
 D = Spawn monster count
 E = Non-spawn monster count
 F = Spawn count percentage of total count
 G = Total turns spent on level
                    A         B        C        D         E        F      G
               +---------+---------+-------+---------+---------+-------+---------
         Total |       0 |     171 |   0.0 |       0 |       8 |   0.0 |   342
               +---------+---------+-------+---------+---------+-------+---------
             D |       0 |     171 |   0.0 |       0 |       8 |   0.0 |   342
               +---------+---------+-------+---------+---------+-------+---------
